 Dungeon Crawl Stone Soup version 0.27-a0-604-g29a88b33a7 (webtiles) character file.

Game seed: 5208923251734898531

127 sahdkjhfkaj the Chopper (level 4, -6/40 HPs)
             Began as a Palentonga Berserker on Mar 13, 2021.
             Was a Believer of Trog.
             Mangled by a worm (9 damage)
             ... on level 3 of the Dungeon.
             The game lasted 00:01:35 (2520 turns).

sahdkjhfkaj the Chopper (Palentonga Berserker)      Turns: 2520, Time: 00:01:35

Health: -6/40      AC:  6    Str: 21    XL:     4   Next: 85%
Magic:  4/4        EV:  8    Int:  7    God:    Trog [**....]
Gold:   115        SH:  0    Dex: 10    Spells: 3/3 levels left

rFire    . . .     SeeInvis +   a - +0 hand axe
rCold    . . .     Faith    .   (no shield)
rNeg     . . .     Spirit   .   j - +0 scale mail
rPois    .         Reflect  .   (no helmet)
rElec    .         Harm     .   (no cloak)
rCorr    .         Rampage  .   (no gloves)
Will     .....                  (no barding)
Stlth    ..........             (no amulet)
HPRegen  0.13/turn              (no ring)
MPRegen  0.09/turn              (no ring)

@: no status effects
A: large, rugged brown scales 3, see invisible, deformed body, roll 1, armoured
tail
a: Rolling Charge, Renounce Religion, Berserk, Trog's Hand


You were on level 3 of the Dungeon.
You worshipped Trog.
Trog was pleased with you.
You visited 1 branch of the dungeon, and saw 3 of its levels.

You collected 115 gold pieces.

Inventory:

Hand Weapons
 a - a +0 hand axe (weapon)
Armour
 j - a +0 scale mail (worn)
Jewellery
 l - a ring of protection from fire
Scrolls
 c - a scroll of amnesia {unknown}
 d - a scroll of magic mapping {unknown}
 e - a scroll of fear {unknown}
 i - 2 scrolls of fog
 m - a scroll of immolation {unknown}
 n - a scroll of identify {unknown}
Potions
 b - a potion of mutation {unknown}
 f - a potion of haste {unknown}
 g - a potion of degeneration {unknown}
 h - a potion of curing {unknown}
 k - a potion of heal wounds {unknown}


   Skills:
 - Level 3.0 Fighting
 + Level 5.6 Axes
 - Level 1.5 Armour
 - Level 1.5 Dodging


You had 3 spell levels left.
You didn't know any spells.
Your spell library was empty.

Dungeon Overview and Level Annotations

Branches:
Dungeon (3/15)

Altars:


Innate Abilities, Weirdness & Mutations

You are completely covered in rugged brown scales. (AC +3, +7% HP)
You have supernaturally acute eyesight. (SInv)
Armour fits poorly on your strangely shaped body.
You can roll at nearby foes to attack.
You have a long armoured tail.


Message History

You are too injured to fight recklessly!
You are too injured to fight recklessly!
You are too injured to fight recklessly!
You are too injured to fight recklessly!
You are too injured to fight recklessly!
The kobold throws a stone.
The stone hits you but does no damage. The adder bites you but does no damage.
You barely miss the adder. The adder completely misses you.
The adder barely misses you.
You closely miss the adder. The adder bites you.
You hit the adder.
The adder is heavily wounded.
The adder closely misses you. The adder bites you but does no damage.
You barely miss the adder.
The adder is heavily wounded.
The adder bites you but does no damage.
You hit the adder.
You kill the adder!
Trog accepts your kill.
You barely miss the worm. You hit the worm.
The worm is lightly wounded.
The worm closely misses you.
You barely miss the worm. You barely miss the worm.
The worm completely misses you.
You barely miss the worm. The worm bites you.
* * * LOW HITPOINT WARNING * * *
You hit the worm. You tail-slap the worm.
The worm is heavily wounded.
You barely miss the worm.
Your tail-slap misses the worm.
The worm is heavily wounded.
The worm bites you!
* * * LOW HITPOINT WARNING * * *
You hit the worm but do no damage.
The worm is moderately wounded.
You hit the worm but do no damage.
The worm is moderately wounded.
The worm bites you!
You die...

## #. #.
##+#### #.#
....... #.#
####....... #.#
#..........
#.#####.#..###
#.@wK..........
#.##.####......
##.##.# .##...
#.....# # ##
##.#..# #.#..#
#.#..# #.#..#
..... # #.#..#
... .. .


You could see a worm and a kobold.

Vanquished Creatures
  6 adders
  2 oozes
  2 worms (D:2)
  A leopard gecko (D:2)
  An orc (D:3)
  A ball python (D:2)
  5 giant cockroaches
  5 goblins
  9 hobgoblins
  3 jackals (D:2)
  5 kobolds
  8 bats
  4 frilled lizards
  4 rats
56 creatures vanquished.

Notes
Turn   | Place    | Note
-------+----------+-------------------------------------------
     0 | D:1      | sahdkjhfkaj the Palentonga Berserker began the quest for
                  | the Orb.
     0 | D:1      | Reached XP level 1. HP: 20/20 MP: 1/1
   296 | D:1      | Reached XP level 2. HP: 27/27 MP: 2/2
   514 | D:1      | Reached skill level 4 in Axes
  1079 | D:2      | Reached XP level 3. HP: 22/33 MP: 3/3
  1424 | D:2      | Reached ** piety under Trog
  1937 | D:2      | Reached XP level 4. HP: 40/40 MP: 4/4
  1953 | D:2      | Reached skill level 5 in Axes
  2518 | D:3      | HP: 2/40 [worm (8)]
  2520 | D:3      | Mangled by a worm

Illustrated notes

Levels and vault maps discovered:
D:1:      erik_arrival_cave_to_civilisation [erik_arrival_cave_to_hall],
          layout_rooms, minmay_small_reverse_x
D:2:      minmay_chambers_of_ones, layout_loops_ring, solitary_fountain
D:3:      layout_basic

Skill      XL: |  1  2  3  4 |
---------------+-------------+-----
Axes           | 4 5 |  5.6
Fighting       | |  3.0
Armour         | |  1.5
Dodging        | |  1.5

Action                   |  1- 3 |  4- 6 || total
-------------------------+-------+-------++-------
Melee: Hand axe          |   132 |    64 ||   196
       Tailslap          |    16 |     8 ||    24
 Abil: Rolling Charge    |    35 |    11 ||    46
  Use: Scroll            |       |     1 ||     1
Armor: Animal skin       |    14 |       ||    14
       Scale mail        |    45 |    17 ||    62
       Skin              |     1 |       ||     1
Dodge: Dodged            |    66 |    17 ||    83

Table legend: (Time is in decaauts)
 A = Elapsed time spent in this place.
 B = Non-inter-level travel time spent in this place.
 C = Inter-level travel time spent in this place.
 D = Time resting spent in this place.
 E = Time spent auto-exploring this place.
 F = Levels seen in this place.
 G = Mean time per level.
                   A        B        C        D        E       F      G
               +--------+--------+--------+--------+--------+-----+--------+
         Total |   2534 |   2425 |    109 |      0 |   2097 |   3 |  844.7 |
       Dungeon |   2534 |   2425 |    109 |      0 |   2097 |   3 |  844.7 |
               +--------+--------+--------+--------+--------+-----+--------+

Top non-repeatable levels by time:
     D:2: 1303 daAuts
     D:1: 919 daAuts
     D:3: 311 daAuts
